 Dungeon Crawl Stone Soup version 0.30.0-5-g1a98f26d00 (webtiles) character file.

Game seed: 1295373139306428987

43 zlionsfan the Cudgeller (level 3, -9/33 HPs)
             Began as a Draconian Cinder Acolyte on May 9, 2023.
             Was a High Priest of Ignis.
             Mangled by a gnoll
             ... wielding a +0 halberd
              (10 damage)
             ... on level 2 of the Dungeon.
             The game lasted 00:02:53 (908 turns).

zlionsfan the Cudgeller (Draconian Cinder Acolyte)   Turns: 908, Time: 00:02:53

Health: -9/33      AC: 12    Str: 18    XL:     3   Next: 37%
Magic:  4/4        EV: 11    Int: 14    God:    Ignis [*****.]
Gold:   78         SH:  0    Dex:  6    Spells: 2/4 levels left

rFire   + . .        a - -1 mace (flame)
rCold   . . .        (no shield)
rNeg    . . .        (body armour unavailable)
rPois   .            (helmet restricted)
rElec   .            (no cloak)
rCorr   .            (no gloves)
SInv    .            (no boots)
Will    .....        (no amulet)
Stlth   +            (no ring)
HPRegen 0.25/turn    (no ring)
MPRegen 0.09/turn

%: no passive effects
@: fiery-armoured
A: AC +5, unfitting armour, cold-blooded
a: Renounce Religion, Fiery Armour, Foxfire Swarm, Rising Flame


You were on level 2 of the Dungeon.
You worshipped Ignis.
Ignis was extremely pleased with you.
You visited 1 branch of the dungeon, and saw 2 of its levels.

You collected 78 gold pieces.

Inventory:

Hand Weapons
 a - a -1 mace of flaming (weapon)
Scrolls
 b - a scroll of brand weapon {unknown}
 c - 2 scrolls of fog {unknown}
 f - a scroll of teleportation {unknown}
 g - a scroll of enchant weapon {unknown}
 h - 2 scrolls of identify {unknown}
Potions
 e - a potion of mutation {unknown}
 i - a potion of might {unknown}


   Skills:
 * Level 3.9 Fighting
 * Level 3.9 Maces & Flails
 + Level 1.0 Spellcasting
 * Level 3.1 Fire Magic


You had 2 spell levels left.
You knew the following spells:

 Your Spells              Type           Power      Damage    Failure   Level
a - Scorch                Fire           18%        2d6       11%         2

Your spell library contained the following spells:

 Spells                   Type           Power      Damage    Failure   Level


Dungeon Overview and Level Annotations

Branches:
Dungeon (2/15)

Altars:


Innate Abilities, Weirdness & Mutations

Your plain brown scales are hard. (AC +5)
You cannot fit into any form of body armour.
You are cold-blooded and may be slowed by cold attacks.


Message History

Casting: Scorch (safe; 11% risk of failure)
Confirm with . or Enter, or press ? or * to list all spells.
Flames lash the gnoll.
The gnoll is moderately wounded.
The gnoll's fire resistance burns away.
The gnoll hits you from afar with a +0 spear!
The gnoll is no longer more vulnerable to fire.
The gnoll closely misses you.
A protective cloak of flame settles atop you.
The gnoll hits you but does no damage. The gnoll misses you. x2
You hit the gnoll. You burn the gnoll.
The gnoll is moderately wounded.
The gnoll barely misses you. The gnoll closely misses you.
Casting: Scorch (safe; 11% risk of failure)
Confirm with . or Enter, or press ? or * to list all spells.
Flames lash the ball python.
You kill the ball python!
The gnoll barely misses you. The gnoll hits you with a +0 spear.
The gnoll is burned by your cloak of flames.
The gnoll is severely wounded.
The gnoll hits you from afar with a +0 halberd!
You closely miss the gnoll.
The gnoll is severely wounded.
The gnoll barely misses you. The gnoll closely misses you.
The gnoll completely misses you.
You barely miss the gnoll.
Your tail-slap misses the gnoll.
The gnoll hits you but does no damage.
The gnoll is burned by your cloak of flames.
The gnoll is heavily wounded.
The gnoll misses you. x2
The gnoll hits you from afar with a +0 halberd!
* * * LOW HITPOINT WARNING * * *
The gnoll completely misses you.
It was a potion of magic.
Magic courses through your body. The gnoll hits you but does no damage.
The gnoll is burned by your cloak of flames.
The gnoll is almost dead.
The gnoll hits you from afar with a +0 halberd!
You die...

.....##.....)))##
....#.....###..#
..##.##....##.## #+
#.#..#...[..#..#
#.##.#..#..##..#..#
#.......#..##..#..#
#.....g.#..)...#..#
#......g##....##.##
#......g@######..#
#......#........##
#......###....###.
####+#...######...
##+###.........#
#............#.#
#............#.#
#.........>..#.#
#............#.#


You could see 3 gnolls.

Vanquished Creatures
  An adder (D:2)
  A worm (D:2)
  A dart slug (D:1)
  A bat (D:1)
  3 endoplasms
  3 giant cockroaches (D:1)
  6 goblins
  A hobgoblin (D:1)
  A quokka (D:1)
  3 ball pythons
  5 kobolds
26 creatures vanquished.

Notes
Turn   | Place    | Note
-------+----------+-------------------------------------------
     0 | D:1      | zlionsfan the Draconian Cinder Acolyte began the quest for
                  | the Orb.
     0 | D:1      | Reached XP level 1. HP: 19/19 MP: 2/2
   119 | D:1      | Reached XP level 2. HP: 26/26 MP: 3/3
   138 | D:1      | Learned a level 2 spell: Scorch
   197 | D:1      | Found a faded altar of an unknown god.
   786 | D:2      | Reached XP level 3. HP: 24/33 MP: 1/4
   907 | D:2      | HP: 1/33 [gnoll/+0 halberd (12)]
   908 | D:2      | Mangled by a gnoll

Illustrated notes

Levels and vault maps discovered:
D:1:      dpeg_arrival_rooms_b, layout_basic,
          ebering_ecumenical_altar_sacrificial, nicolae_wormholes
D:2:      layout_basic, minmay_randomly_rotated_circles, uniq_terence,
          uniq_natasha

Action                     || total
---------------------------++-------
  Melee: Mace              ||    81
         Tailslap          ||     6
         Punch             ||     1
   Cast: Scorch            ||     3
 Invoke: Fiery Armour      ||     1
    Use: Potion            ||     1
 Armour: Skin              ||    28
  Dodge: Dodged            ||    65
